Flames vs Jets

Created - March 1 2012 at 18:27

Goals
1 2 3 T
Flames 0 4 3 7
Jets 0 1 1 2
Shots
1 2 3 T
Flames 8 15 15 38
Jets 10 12 4 26

Period #1

No Goal

Penalties :
Martin Hanzal (WPG) for Holding (Minor) at 5:32, Devin Setoguchi (CGY) for Hooking (Minor) at 7:48, Tomas Kopecky (CGY) for Tripping (Minor) at 12:28, Dan Hamhuis (CGY) for Roughing (Minor) at 19:38

Period #2

1. Flames , Brenden Morrow 29 (Jack Johnson, Ryan Kesler) at 1:27
2. Flames , Brenden Morrow 30 (Andrew MacDonald, Jack Johnson) at 7:58 (PP)
3. Jets , Andy McDonald 30 (Blake Comeau, Cam Fowler) at 9:16
4. Flames , Ryan Kesler 43 (Dan Boyle) at 11:31
5. Flames , Dustin Brown 24 (David Jones, Anze Kopitar) at 13:00 (PP)

Penalties :
Erik Cole (WPG) for Roughing (Minor) at 0:02, Martin Hanzal (WPG) for Hooking (Minor) at 7:44, Victor Hedman (WPG) for Holding (Minor) at 12:44, Cam Fowler (WPG) for Hooking (Minor) at 13:12, Alex Goligoski (WPG) for Roughing (Minor) at 18:53

Period #3

6. Flames , Ryan Kesler 44 (David Jones) at 0:26 (PP)
7. Flames , Tomas Kopecky 6 (Pierre-Marc Bouchard, David Jones) at 4:22
8. Flames , Dan Hamhuis 6 (Michael Grabner, Ryan Kesler) at 13:15
9. Jets , Clarke MacArthur 16 (Alex Goligoski, Mark Giordano) at 17:26

Penalties :
Mark Giordano (WPG) for Holding (Minor) at 9:27, Erik Cole (WPG) for Hooking (Minor) at 10:42

Goalie Stats

Tim Thomas (CGY), 24 saves from 26 shots - (0.923), W, 24-11-2, 60:00 minutes
Ilya Bryzgalov (WPG), 23 saves from 29 shots - (0.793), L, 31-24-7, 44:22 minutes
Ray Emery (WPG), 8 saves from 9 shots - (0.889), 15:38 minutes

Players Stats

Flames
Player Name              G  A  P  +/- PIM S  H  SB FO    MP 
------------------------------------------------------------
Andrew MacDonald         0  1  1   1  0   2  2  2  0/0   20 
Anze Kopitar             0  1  1  -1  0   2  0  0  16/29 21 
Brenden Morrow           2  0  2   2  0   7  2  0  0/1   21 
Carl Gunnarsson          0  0  0   1  0   0  0  0  0/0   5  
Dan Boyle                0  1  1   1  0   0  1  1  0/0   21 
Dan Hamhuis              1  0  1   0  2   3  1  0  0/0   18 
David Jones              0  3  3   0  0   3  0  0  0/1   20 
Devin Setoguchi          0  0  0   1  2   1  0  0  0/0   5  
Dustin Brown             1  0  1  -1  0   3  6  0  2/2   17 
Jack Johnson             0  2  2   1  0   0  1  0  0/0   20 
Jiri Hudler              0  0  0   0  0   0  0  0  0/0   0  
Michael Grabner          0  1  1   0  0   5  0  0  0/2   20 
Mikael Samuelsson        0  0  0   1  0   1  0  0  0/0   15 
Niklas Kronwall          0  0  0   1  0   2  2  0  0/0   21 
Pierre-Marc Bouchard     0  1  1   0  0   1  0  1  0/1   16 
Ryan Kesler              2  2  4   3  0   6  2  0  21/45 23 
Tomas Kopecky            1  0  1   0  2   2  3  0  12/24 15 
Toni Lydman              0  0  0  -1  0   0  0  1  0/0   14 
Jets
Player Name              G  A  P  +/- PIM S  H  SB FO    MP 
------------------------------------------------------------
Alex Goligoski           0  1  1   1  2   1  0  0  0/0   24 
Andy McDonald            1  0  1  -3  0   6  1  0  18/38 23 
Blake Comeau             0  1  1  -2  0   1  4  0  2/3   18 
Cam Fowler               0  1  1  -3  2   4  2  1  0/0   21 
Carlo Colaiacovo         0  0  0   0  0   0  1  0  0/0   12 
Clarke MacArthur         1  0  1   1  0   3  0  0  0/2   12 
Dainius Zubrus           0  0  0   1  0   0  1  0  1/1   18 
Daniel Sedin             0  0  0   0  0   2  1  0  0/1   15 
Eric Fehr                0  0  0   0  0   0  0  0  0/0   0  
Erik Cole                0  0  0   0  4   2  5  0  1/3   17 
Henrik Sedin             0  0  0   0  0   3  0  0  18/29 20 
Jaroslav Spacek          0  0  0   0  0   0  0  0  0/0   0  
Mark Giordano            0  1  1   0  2   2  1  3  0/0   16 
Martin Erat              0  0  0  -3  0   0  0  0  1/1   18 
Martin Hanzal            0  0  0   1  4   2  0  1  13/25 18 
Nick Schultz             0  0  0  -2  0   0  2  0  0/0   21 
Tyler Ennis              0  0  0   0  0   0  0  0  0/2   11 
Victor Hedman            0  0  0   0  2   0  0  1  0/0   24 

3 Stars

1 - Ryan Kesler (CGY)
2 - Brenden Morrow (CGY)
3 - David Jones (CGY)

Power Play

Flames - 3 on 8 Attempt(s) - 37.50%
Jets - 0 on 3 Attempt(s) - 0.00%

Penalty Kill

Flames - 3 on 3 Attempt(s) - 100.00% - Score 0 goal in Penalty Kill
Jets - 5 on 8 Attempt(s) - 62.50% - Score 0 goal in Penalty Kill

Game Notes

Ray Emery enters game at 4:22 of 3rd period

Finance

Level 1 -- Attendance: 4878 (81.30%) -- Ticket Income $439,020.00
Level 2 -- Attendance: 5000 (100.00%) -- Ticket Income $235,000.00
Level 3 -- Attendance: 2200 (100.00%) -- Ticket Income $72,600.00
Level 4 -- Attendance: 1015 (100.00%) -- Ticket Income $23,345.00
Luxury Box -- Attendance: 800 (100.00%) -- Ticket Income $136,000.00
Game was played at the MTS Center
Total Attendance: 13893 (92.53%)
Total Ticket Income: $942,659.40
Other Income: $219,512.10
Total Income: $1,162,171.00


Play by Play

Period #1

0:01 of 1st period - Henrik Sedin wins face-off versus Ryan Kesler in neutral zone.
0:57 of 1st period - Ryan Kesler is hit by Cam Fowler and loses puck.
1:05 of 1st period - Icing by Cam Fowler.
1:06 of 1st period - Andy McDonald wins face-off versus Anze Kopitar in Jets zone.
1:08 of 1st period - Icing by Blake Comeau.
1:09 of 1st period - Andy McDonald wins face-off versus Anze Kopitar in Jets zone.
1:22 of 1st period - Shot by Andy McDonald.
1:22 of 1st period - Stopped by Tim Thomas with a rebound.
1:29 of 1st period - Dan Hamhuis is hit by Andy McDonald and loses puck.
1:33 of 1st period - Dan Hamhuis is hit by Nick Schultz and loses puck.
1:44 of 1st period - Shot by Dustin Brown.
1:44 of 1st period - Shot Misses the Net.
1:48 of 1st period - Shot by Dan Hamhuis.
1:48 of 1st period - Stopped by Ilya Bryzgalov without a rebound.
1:49 of 1st period - Tomas Kopecky wins face-off versus Martin Hanzal in Jets zone.
1:58 of 1st period - Shot by David Jones.
1:58 of 1st period - Stopped by Ilya Bryzgalov without a rebound.
1:59 of 1st period - Martin Hanzal wins face-off versus Tomas Kopecky in Jets zone.
2:18 of 1st period - Icing by Jack Johnson.
2:19 of 1st period - Erik Cole wins face-off versus Tomas Kopecky in Flames zone.
2:22 of 1st period - Shot by Henrik Sedin.
2:22 of 1st period - Deflect By Daniel Sedin.
2:22 of 1st period - Stopped by Tim Thomas with a rebound.
2:24 of 1st period - Shot by Alex Goligoski.
2:24 of 1st period - Shot Misses the Net.
2:26 of 1st period - Shot by Erik Cole.
2:26 of 1st period - Stopped by Tim Thomas without a rebound.
2:27 of 1st period - Martin Hanzal wins face-off versus Ryan Kesler in Flames zone.
2:30 of 1st period - Shot by Dainius Zubrus.
2:30 of 1st period - Shot Misses the Net.
4:00 of 1st period - Shot by Anze Kopitar.
4:00 of 1st period - Shot Misses the Net.
4:05 of 1st period - Cam Fowler is hit by Dustin Brown.
4:20 of 1st period - Off-side.
4:21 of 1st period - Martin Hanzal wins face-off versus Pierre-Marc Bouchard in neutral zone.
4:50 of 1st period - Icing by Andrew MacDonald.
4:51 of 1st period - Henrik Sedin wins face-off versus Tomas Kopecky in Flames zone.
5:07 of 1st period - Icing by David Jones.
5:08 of 1st period - Martin Hanzal wins face-off versus Tomas Kopecky in Flames zone.
5:32 of 1st period - Minor Penalty to Martin Hanzal for Holding.
5:33 of 1st period - Anze Kopitar wins face-off versus Andy McDonald in Jets zone.
5:43 of 1st period - Nick Schultz is hit by Dustin Brown and loses puck.
6:04 of 1st period - Shot by Anze Kopitar.
6:04 of 1st period - Stopped by Ilya Bryzgalov without a rebound.
6:05 of 1st period - Ryan Kesler wins face-off versus Henrik Sedin in Jets zone.
6:15 of 1st period - Off-side.
6:16 of 1st period - Ryan Kesler wins face-off versus Henrik Sedin in neutral zone.
6:41 of 1st period - Shot by Ryan Kesler.
6:41 of 1st period - Shot Misses the Net.
6:43 of 1st period - Shot by Andrew MacDonald.
6:43 of 1st period - Stopped by Ilya Bryzgalov without a rebound.
6:44 of 1st period - Anze Kopitar wins face-off versus Andy McDonald in Jets zone.
6:47 of 1st period - Shot by Michael Grabner.
6:47 of 1st period - Stopped by Ilya Bryzgalov without a rebound.
6:48 of 1st period - Dustin Brown wins face-off versus Andy McDonald in Jets zone.
7:48 of 1st period - Minor Penalty to Devin Setoguchi for Hooking.
7:49 of 1st period - Andy McDonald wins face-off versus Ryan Kesler in Flames zone.
7:57 of 1st period - Icing by Andy McDonald.
7:58 of 1st period - Andy McDonald wins face-off versus Ryan Kesler in Jets zone.
8:15 of 1st period - Shot by Cam Fowler.
8:15 of 1st period - Stopped by Tim Thomas without a rebound.
8:16 of 1st period - Anze Kopitar wins face-off versus Henrik Sedin in Flames zone.
8:16 of 1st period - Dan Boyle is hit by Erik Cole and loses puck.
8:27 of 1st period - Shot by Erik Cole.
8:27 of 1st period - Deflect By Daniel Sedin.
8:27 of 1st period - Shot Blocked by Dan Boyle.
8:48 of 1st period - Erik Cole is hit by Niklas Kronwall and loses puck.
9:35 of 1st period - Shot by Mark Giordano.
9:35 of 1st period - Stopped by Tim Thomas without a rebound.
9:36 of 1st period - Martin Erat wins face-off versus Ryan Kesler in Flames zone.
10:07 of 1st period - Icing by Pierre-Marc Bouchard.
10:08 of 1st period - Tomas Kopecky wins face-off versus Martin Hanzal in Flames zone.
10:19 of 1st period - Alex Goligoski is hit by Andrew MacDonald and loses puck.
10:26 of 1st period - Shot by Clarke MacArthur.
10:26 of 1st period - Stopped by Tim Thomas with a rebound.
10:30 of 1st period - Shot by Martin Hanzal.
10:30 of 1st period - Deflect By Dainius Zubrus.
10:30 of 1st period - Shot Misses the Net.
10:32 of 1st period - Shot by Martin Hanzal.
10:32 of 1st period - Shot Hit the Post.
10:34 of 1st period - Shot by Mark Giordano.
10:34 of 1st period - Stopped by Tim Thomas without a rebound.
10:35 of 1st period - Blake Comeau wins face-off versus Ryan Kesler in Flames zone.
11:01 of 1st period - Icing by Nick Schultz.
11:02 of 1st period - Ryan Kesler wins face-off versus Andy McDonald in Jets zone.
11:02 of 1st period - Ryan Kesler is hit by Cam Fowler.
12:28 of 1st period - Minor Penalty to Tomas Kopecky for Tripping.
12:29 of 1st period - Andy McDonald wins face-off versus Anze Kopitar in Flames zone.
12:30 of 1st period - Shot by Cam Fowler.
12:30 of 1st period - Stopped by Tim Thomas without a rebound.
12:31 of 1st period - Anze Kopitar wins face-off versus Andy McDonald in Flames zone.
12:31 of 1st period - Anze Kopitar is hit by Blake Comeau.
14:32 of 1st period - Icing by Martin Erat.
14:33 of 1st period - Andy McDonald wins face-off versus Tomas Kopecky in Jets zone.
14:33 of 1st period - Andy McDonald is hit by Tomas Kopecky.
14:42 of 1st period - Off-side.
14:43 of 1st period - Tomas Kopecky wins face-off versus Martin Hanzal in neutral zone.
15:42 of 1st period - Shot by Andy McDonald.
15:42 of 1st period - Shot Misses the Net.
15:46 of 1st period - Shot by Blake Comeau.
15:46 of 1st period - Shot Misses the Net.
16:48 of 1st period - Martin Hanzal is hit by Brenden Morrow and loses puck.
16:53 of 1st period - Shot by Ryan Kesler.
16:53 of 1st period - Shot Hit the Post.
17:03 of 1st period - Henrik Sedin is hit by Ryan Kesler.
17:17 of 1st period - Shot by Brenden Morrow.
17:17 of 1st period - Stopped by Ilya Bryzgalov without a rebound.
17:18 of 1st period - Tomas Kopecky wins face-off versus Andy McDonald in Jets zone.
17:44 of 1st period - Shot by Martin Erat.
17:44 of 1st period - Shot Blocked by Andrew MacDonald.
17:46 of 1st period - Shot by Cam Fowler.
17:46 of 1st period - Stopped by Tim Thomas without a rebound.
17:47 of 1st period - Ryan Kesler wins face-off versus Clarke MacArthur in Flames zone.
18:07 of 1st period - Shot by Ryan Kesler.
18:07 of 1st period - Stopped by Ilya Bryzgalov without a rebound.
18:08 of 1st period - Henrik Sedin wins face-off versus Tomas Kopecky in Jets zone.
19:02 of 1st period - Shot by Andy McDonald.
19:02 of 1st period - Stopped by Tim Thomas without a rebound.
19:03 of 1st period - Martin Hanzal wins face-off versus Ryan Kesler in Flames zone.
19:03 of 1st period - Tyler Ennis is hit by Dan Boyle and loses puck.
19:17 of 1st period - Icing by Niklas Kronwall.
19:18 of 1st period - Martin Hanzal wins face-off versus Ryan Kesler in Flames zone.
19:18 of 1st period - Martin Hanzal is hit by Niklas Kronwall.
19:32 of 1st period - Shot by Brenden Morrow.
19:32 of 1st period - Stopped by Ilya Bryzgalov without a rebound.
19:33 of 1st period - Andy McDonald wins face-off versus Anze Kopitar in Jets zone.
19:37 of 1st period - Cam Fowler is hit by Dan Hamhuis and loses puck.
19:38 of 1st period - Minor Penalty to Dan Hamhuis for Roughing.
19:39 of 1st period - Ryan Kesler wins face-off versus Andy McDonald in Flames zone.

Period #2

0:01 of 2nd period - Ryan Kesler wins face-off versus Henrik Sedin in neutral zone.
0:01 of 2nd period - Mikael Samuelsson is hit by Erik Cole and loses puck.
0:02 of 2nd period - Minor Penalty to Erik Cole for Roughing.
0:03 of 2nd period - Henrik Sedin wins face-off versus Anze Kopitar in Jets zone.
1:23 of 2nd period - Shot by Ryan Kesler.
1:23 of 2nd period - Shot Misses the Net.
1:27 of 2nd period - Shot by Brenden Morrow.
1:27 of 2nd period - Goal by Brenden Morrow - Flames : 1 - Jets : 0.
1:28 of 2nd period - Ryan Kesler wins face-off versus Andy McDonald in neutral zone.
1:37 of 2nd period - Shot by Ryan Kesler.
1:37 of 2nd period - Shot Misses the Net.
1:39 of 2nd period - Shot by Andrew MacDonald.
1:39 of 2nd period - Shot Misses the Net.
1:43 of 2nd period - Shot by Ryan Kesler.
1:43 of 2nd period - Shot Misses the Net.
1:45 of 2nd period - Shot by Brenden Morrow.
1:45 of 2nd period - Shot Blocked by Mark Giordano.
1:49 of 2nd period - Shot by Jack Johnson.
1:49 of 2nd period - Shot Blocked by Mark Giordano.
1:53 of 2nd period - Shot by Andrew MacDonald.
1:53 of 2nd period - Stopped by Ilya Bryzgalov without a rebound.
1:54 of 2nd period - Andy McDonald wins face-off versus Anze Kopitar in Jets zone.
1:59 of 2nd period - Shot by Niklas Kronwall.
1:59 of 2nd period - Stopped by Ilya Bryzgalov without a rebound.
2:00 of 2nd period - Anze Kopitar wins face-off versus Clarke MacArthur in Jets zone.
2:19 of 2nd period - Shot by Michael Grabner.
2:19 of 2nd period - Stopped by Ilya Bryzgalov without a rebound.
2:20 of 2nd period - Tomas Kopecky wins face-off versus Andy McDonald in Jets zone.
3:36 of 2nd period - Shot by Clarke MacArthur.
3:36 of 2nd period - Stopped by Tim Thomas without a rebound.
3:37 of 2nd period - Henrik Sedin wins face-off versus Michael Grabner in Flames zone.
4:10 of 2nd period - Shot by Anze Kopitar.
4:10 of 2nd period - Shot Blocked by Victor Hedman.
4:14 of 2nd period - Shot by Anze Kopitar.
4:14 of 2nd period - Deflect By Dustin Brown.
4:14 of 2nd period - Stopped by Ilya Bryzgalov without a rebound.
4:15 of 2nd period - Tomas Kopecky wins face-off versus Martin Hanzal in Jets zone.
4:23 of 2nd period - Icing by Tyler Ennis.
4:24 of 2nd period - Martin Hanzal wins face-off versus Ryan Kesler in Jets zone.
5:22 of 2nd period - Shot by Erik Cole.
5:22 of 2nd period - Stopped by Tim Thomas without a rebound.
5:23 of 2nd period - Tomas Kopecky wins face-off versus Blake Comeau in Flames zone.
5:23 of 2nd period - Tomas Kopecky is hit by Blake Comeau.
5:50 of 2nd period - Shot by Andy McDonald.
5:50 of 2nd period - Shot Blocked by Pierre-Marc Bouchard.
5:54 of 2nd period - Shot by Blake Comeau.
5:54 of 2nd period - Stopped by Tim Thomas without a rebound.
5:55 of 2nd period - Anze Kopitar wins face-off versus Erik Cole in Flames zone.
6:34 of 2nd period - Shot by Henrik Sedin.
6:34 of 2nd period - Shot Misses the Net.
6:58 of 2nd period - Shot by Cam Fowler.
6:58 of 2nd period - Shot Misses the Net.
7:02 of 2nd period - Shot by Cam Fowler.
7:02 of 2nd period - Shot Misses the Net.
7:04 of 2nd period - Shot by Andy McDonald.
7:04 of 2nd period - Shot Misses the Net.
7:06 of 2nd period - Shot by Nick Schultz.
7:06 of 2nd period - Shot Misses the Net.
7:10 of 2nd period - Shot by Andy McDonald.
7:10 of 2nd period - Stopped by Tim Thomas with a rebound.
7:14 of 2nd period - Shot by Martin Erat.
7:14 of 2nd period - Shot Misses the Net.
7:16 of 2nd period - Shot by Cam Fowler.
7:16 of 2nd period - Stopped by Tim Thomas with a rebound.
7:44 of 2nd period - Minor Penalty to Martin Hanzal for Hooking.
7:45 of 2nd period - Ryan Kesler wins face-off versus Andy McDonald in Jets zone.
7:52 of 2nd period - Shot by Brenden Morrow.
7:52 of 2nd period - Shot Misses the Net.
7:54 of 2nd period - Shot by Jack Johnson.
7:54 of 2nd period - Shot Misses the Net.
7:58 of 2nd period - Shot by Brenden Morrow.
7:58 of 2nd period - Goal by Brenden Morrow - Flames : 2 - Jets : 0.
7:59 of 2nd period - Martin Hanzal wins face-off versus Ryan Kesler in neutral zone.
8:13 of 2nd period - Icing by Niklas Kronwall.
8:14 of 2nd period - Henrik Sedin wins face-off versus Ryan Kesler in Flames zone.
8:23 of 2nd period - Henrik Sedin is hit by Brenden Morrow and loses puck.
8:42 of 2nd period - Shot by Ryan Kesler.
8:42 of 2nd period - Shot Misses the Net.
9:14 of 2nd period - Shot by Andy McDonald.
9:14 of 2nd period - Shot Blocked by Andrew MacDonald.
9:16 of 2nd period - Shot by Blake Comeau.
9:16 of 2nd period - Deflect By Andy McDonald.
9:16 of 2nd period - Goal by Andy McDonald - Flames : 2 - Jets : 1.
9:17 of 2nd period - Dainius Zubrus wins face-off versus Ryan Kesler in neutral zone.
9:22 of 2nd period - Shot by Martin Hanzal.
9:22 of 2nd period - Shot Misses the Net.
9:24 of 2nd period - Shot by Martin Hanzal.
9:24 of 2nd period - Stopped by Tim Thomas without a rebound.
9:25 of 2nd period - Tomas Kopecky wins face-off versus Martin Hanzal in Flames zone.
9:25 of 2nd period - Tomas Kopecky is hit by Dainius Zubrus.
9:31 of 2nd period - Dainius Zubrus is hit by Tomas Kopecky and loses puck.
10:20 of 2nd period - Icing by Andrew MacDonald.
10:21 of 2nd period - Henrik Sedin wins face-off versus Tomas Kopecky in Flames zone.
10:22 of 2nd period - Shot by Daniel Sedin.
10:22 of 2nd period - Shot Misses the Net.
10:24 of 2nd period - Shot by Henrik Sedin.
10:24 of 2nd period - Stopped by Tim Thomas without a rebound.
10:25 of 2nd period - Anze Kopitar wins face-off versus Henrik Sedin in Flames zone.
10:25 of 2nd period - Anze Kopitar is hit by Daniel Sedin.
10:34 of 2nd period - Shot by Henrik Sedin.
10:34 of 2nd period - Shot Misses the Net.
10:38 of 2nd period - Shot by Henrik Sedin.
10:38 of 2nd period - Stopped by Tim Thomas without a rebound.
10:39 of 2nd period - Ryan Kesler wins face-off versus Andy McDonald in Flames zone.
10:39 of 2nd period - Ryan Kesler is hit by Blake Comeau.
10:48 of 2nd period - Shot by Brenden Morrow.
10:48 of 2nd period - Stopped by Ilya Bryzgalov without a rebound.
10:49 of 2nd period - Anze Kopitar wins face-off versus Henrik Sedin in Jets zone.
11:00 of 2nd period - Shot by Erik Cole.
11:00 of 2nd period - Shot Blocked by Toni Lydman.
11:02 of 2nd period - Shot by Henrik Sedin.
11:02 of 2nd period - Stopped by Tim Thomas without a rebound.
11:03 of 2nd period - Andy McDonald wins face-off versus Ryan Kesler in Flames zone.
11:29 of 2nd period - Shot by Ryan Kesler.
11:29 of 2nd period - Stopped by Ilya Bryzgalov with a rebound.
11:31 of 2nd period - Shot by Ryan Kesler.
11:31 of 2nd period - Goal by Ryan Kesler - Flames : 3 - Jets : 1.
11:32 of 2nd period - Anze Kopitar wins face-off versus Martin Hanzal in neutral zone.
11:36 of 2nd period - Dan Hamhuis is hit by Mark Giordano and loses puck.
11:45 of 2nd period - Shot by Michael Grabner.
11:45 of 2nd period - Stopped by Ilya Bryzgalov without a rebound.
11:46 of 2nd period - Ryan Kesler wins face-off versus Martin Hanzal in Jets zone.
12:10 of 2nd period - Michael Grabner is hit by Carlo Colaiacovo and loses puck.
12:44 of 2nd period - Minor Penalty to Victor Hedman for Holding.
12:45 of 2nd period - Anze Kopitar wins face-off versus Andy McDonald in Jets zone.
12:52 of 2nd period - Shot by Dan Boyle.
12:52 of 2nd period - Shot Misses the Net.
12:56 of 2nd period - Shot by Anze Kopitar.
12:56 of 2nd period - Shot Misses the Net.
12:58 of 2nd period - Shot by David Jones.
12:58 of 2nd period - Stopped by Ilya Bryzgalov with a rebound.
13:00 of 2nd period - Shot by Dustin Brown.
13:00 of 2nd period - Goal by Dustin Brown - Flames : 4 - Jets : 1.
13:01 of 2nd period - Tomas Kopecky wins face-off versus Andy McDonald in neutral zone.
13:03 of 2nd period - Andrew MacDonald is hit by Blake Comeau and loses puck.
13:12 of 2nd period - Shot by David Jones.
13:12 of 2nd period - Deflect By Pierre-Marc Bouchard.
13:12 of 2nd period - Stopped by Ilya Bryzgalov without a rebound.
13:12 of 2nd period - Minor Penalty to Cam Fowler for Hooking.
13:13 of 2nd period - Henrik Sedin wins face-off versus Michael Grabner in Jets zone.
13:21 of 2nd period - Icing by Niklas Kronwall.
13:22 of 2nd period - Anze Kopitar wins face-off versus Henrik Sedin in Flames zone.
13:22 of 2nd period - Anze Kopitar is hit by Erik Cole.
14:36 of 2nd period - Shot by Brenden Morrow.
14:36 of 2nd period - Stopped by Ilya Bryzgalov without a rebound.
14:37 of 2nd period - Ryan Kesler wins face-off versus Henrik Sedin in Jets zone.
14:53 of 2nd period - Off-side.
14:54 of 2nd period - Ryan Kesler wins face-off versus Andy McDonald in neutral zone.
15:29 of 2nd period - Shot by Ryan Kesler.
15:29 of 2nd period - Shot Blocked by Martin Hanzal.
16:18 of 2nd period - Off-side.
16:19 of 2nd period - Henrik Sedin wins face-off versus Tomas Kopecky in neutral zone.
16:19 of 2nd period - Henrik Sedin is hit by Dustin Brown.
16:46 of 2nd period - Shot by Alex Goligoski.
16:46 of 2nd period - Stopped by Tim Thomas without a rebound.
16:47 of 2nd period - Blake Comeau wins face-off versus Anze Kopitar in Flames zone.
16:48 of 2nd period - Shot by Martin Erat.
16:48 of 2nd period - Deflect By Andy McDonald.
16:48 of 2nd period - Shot Misses the Net.
17:58 of 2nd period - Shot by Daniel Sedin.
17:58 of 2nd period - Shot Misses the Net.
18:00 of 2nd period - Shot by Victor Hedman.
18:00 of 2nd period - Deflect By Daniel Sedin.
18:00 of 2nd period - Stopped by Tim Thomas without a rebound.
18:01 of 2nd period - Ryan Kesler wins face-off versus Martin Hanzal in Flames zone.
18:16 of 2nd period - Shot by Devin Setoguchi.
18:16 of 2nd period - Stopped by Ilya Bryzgalov without a rebound.
18:17 of 2nd period - Henrik Sedin wins face-off versus Anze Kopitar in Jets zone.
18:17 of 2nd period - Henrik Sedin is hit by Dustin Brown.
18:23 of 2nd period - Toni Lydman is hit by Erik Cole and loses puck.
18:51 of 2nd period - Daniel Sedin is hit by Dustin Brown and loses puck.
18:53 of 2nd period - Minor Penalty to Alex Goligoski for Roughing.
18:54 of 2nd period - Andy McDonald wins face-off versus Ryan Kesler in Jets zone.
19:06 of 2nd period - Off-side.
19:07 of 2nd period - Andy McDonald wins face-off versus Ryan Kesler in neutral zone.

Period #3

0:01 of 3rd period - Henrik Sedin wins face-off versus Anze Kopitar in neutral zone.
0:14 of 3rd period - Shot by Michael Grabner.
0:14 of 3rd period - Stopped by Ilya Bryzgalov without a rebound.
0:15 of 3rd period - Henrik Sedin wins face-off versus Ryan Kesler in Jets zone.
0:26 of 3rd period - Shot by Ryan Kesler.
0:26 of 3rd period - Goal by Ryan Kesler - Flames : 5 - Jets : 1.
0:27 of 3rd period - Dustin Brown wins face-off versus Henrik Sedin in neutral zone.
0:27 of 3rd period - Anze Kopitar is hit by Erik Cole and loses puck.
0:36 of 3rd period - Shot by Dustin Brown.
0:36 of 3rd period - Shot Misses the Net.
0:38 of 3rd period - Shot by Toni Lydman.
0:38 of 3rd period - Shot Misses the Net.
0:40 of 3rd period - Shot by Toni Lydman.
0:40 of 3rd period - Shot Misses the Net.
0:42 of 3rd period - Shot by Toni Lydman.
0:42 of 3rd period - Shot Misses the Net.
0:44 of 3rd period - Shot by Michael Grabner.
0:44 of 3rd period - Stopped by Ilya Bryzgalov without a rebound.
0:45 of 3rd period - Ryan Kesler wins face-off versus Andy McDonald in Jets zone.
0:52 of 3rd period - Shot by Ryan Kesler.
0:52 of 3rd period - Shot Misses the Net.
1:06 of 3rd period - Shot by Mikael Samuelsson.
1:06 of 3rd period - Shot Blocked by Cam Fowler.
1:19 of 3rd period - Icing by Dan Boyle.
1:20 of 3rd period - Ryan Kesler wins face-off versus Henrik Sedin in Flames zone.
2:08 of 3rd period - Icing by Niklas Kronwall.
2:09 of 3rd period - Ryan Kesler wins face-off versus Andy McDonald in Flames zone.
2:40 of 3rd period - Shot by Michael Grabner.
2:40 of 3rd period - Shot Misses the Net.
2:42 of 3rd period - Shot by Dan Hamhuis.
2:42 of 3rd period - Stopped by Ilya Bryzgalov without a rebound.
2:43 of 3rd period - Tomas Kopecky wins face-off versus Martin Hanzal in Jets zone.
3:03 of 3rd period - Clarke MacArthur is hit by Jack Johnson and loses puck.
3:21 of 3rd period - Off-side.
3:22 of 3rd period - Andy McDonald wins face-off versus Anze Kopitar in neutral zone.
3:33 of 3rd period - Martin Erat is hit by Dustin Brown and loses puck.
3:38 of 3rd period - Shot by Dustin Brown.
3:38 of 3rd period - Stopped by Ilya Bryzgalov without a rebound.
3:39 of 3rd period - Martin Hanzal wins face-off versus Ryan Kesler in Jets zone.
4:02 of 3rd period - Off-side.
4:03 of 3rd period - Tomas Kopecky wins face-off versus Andy McDonald in neutral zone.
4:20 of 3rd period - Shot by Pierre-Marc Bouchard.
4:20 of 3rd period - Shot Misses the Net.
4:22 of 3rd period - Shot by Tomas Kopecky.
4:22 of 3rd period - Goal by Tomas Kopecky - Flames : 6 - Jets : 1.
4:22 of 3rd period - Ray Emery enters game.
4:23 of 3rd period - Henrik Sedin wins face-off versus Anze Kopitar in neutral zone.
4:28 of 3rd period - Shot by Erik Cole.
4:28 of 3rd period - Deflect By Daniel Sedin.
4:28 of 3rd period - Shot Misses the Net.
4:33 of 3rd period - Icing by Dustin Brown.
4:34 of 3rd period - Anze Kopitar wins face-off versus Martin Hanzal in Flames zone.
5:04 of 3rd period - Shot by Dustin Brown.
5:04 of 3rd period - Shot Misses the Net.
6:29 of 3rd period - Shot by Daniel Sedin.
6:29 of 3rd period - Shot Misses the Net.
6:36 of 3rd period - Icing by Pierre-Marc Bouchard.
6:37 of 3rd period - Martin Hanzal wins face-off versus David Jones in Flames zone.
6:45 of 3rd period - Icing by Andrew MacDonald.
6:46 of 3rd period - Martin Hanzal wins face-off versus Tomas Kopecky in Flames zone.
6:47 of 3rd period - Shot by Mark Giordano.
6:47 of 3rd period - Shot Misses the Net.
7:09 of 3rd period - Shot by Martin Hanzal.
7:09 of 3rd period - Stopped by Tim Thomas without a rebound.
7:10 of 3rd period - Ryan Kesler wins face-off versus Daniel Sedin in Flames zone.
7:28 of 3rd period - Icing by Dan Boyle.
7:29 of 3rd period - Andy McDonald wins face-off versus Ryan Kesler in Flames zone.
8:29 of 3rd period - Icing by Dan Hamhuis.
8:30 of 3rd period - Henrik Sedin wins face-off versus Anze Kopitar in Flames zone.
8:58 of 3rd period - Shot by Anze Kopitar.
8:58 of 3rd period - Stopped by Ray Emery without a rebound.
8:59 of 3rd period - Martin Hanzal wins face-off versus Ryan Kesler in Jets zone.
9:11 of 3rd period - Martin Hanzal is hit by Ryan Kesler and loses puck.
9:27 of 3rd period - Minor Penalty to Mark Giordano for Holding.
9:28 of 3rd period - Andy McDonald wins face-off versus Brenden Morrow in Jets zone.
9:49 of 3rd period - Shot by Andrew MacDonald.
9:49 of 3rd period - Deflect By Brenden Morrow.
9:49 of 3rd period - Shot Misses the Net.
10:42 of 3rd period - Minor Penalty to Erik Cole for Hooking.
10:43 of 3rd period - Andy McDonald wins face-off versus Ryan Kesler in Jets zone.
10:56 of 3rd period - Shot by Ryan Kesler.
10:56 of 3rd period - Stopped by Ray Emery without a rebound.
10:57 of 3rd period - Henrik Sedin wins face-off versus Anze Kopitar in Jets zone.
11:03 of 3rd period - Icing by Anze Kopitar.
11:04 of 3rd period - Anze Kopitar wins face-off versus Henrik Sedin in Flames zone.
11:25 of 3rd period - Shot by Niklas Kronwall.
11:25 of 3rd period - Stopped by Ray Emery without a rebound.
11:26 of 3rd period - Andy McDonald wins face-off versus Ryan Kesler in Jets zone.
11:32 of 3rd period - Icing by Ryan Kesler.
11:33 of 3rd period - Andy McDonald wins face-off versus Ryan Kesler in Flames zone.
11:40 of 3rd period - Shot by Ryan Kesler.
11:40 of 3rd period - Stopped by Ray Emery with a rebound.
11:42 of 3rd period - Shot by Brenden Morrow.
11:42 of 3rd period - Stopped by Ray Emery without a rebound.
11:43 of 3rd period - Henrik Sedin wins face-off versus Ryan Kesler in Jets zone.
11:51 of 3rd period - Off-side.
11:52 of 3rd period - Anze Kopitar wins face-off versus Andy McDonald in neutral zone.
12:54 of 3rd period - Off-side.
12:55 of 3rd period - Henrik Sedin wins face-off versus Ryan Kesler in neutral zone.
13:05 of 3rd period - Icing by Dan Hamhuis.
13:06 of 3rd period - Ryan Kesler wins face-off versus Andy McDonald in Flames zone.
13:13 of 3rd period - Shot by Michael Grabner.
13:13 of 3rd period - Shot Misses the Net.
13:15 of 3rd period - Shot by Dan Hamhuis.
13:15 of 3rd period - Goal by Dan Hamhuis - Flames : 7 - Jets : 1.
13:16 of 3rd period - Tomas Kopecky wins face-off versus Martin Hanzal in neutral zone.
13:31 of 3rd period - Shot by David Jones.
13:31 of 3rd period - Stopped by Ray Emery with a rebound.
13:33 of 3rd period - Shot by Pierre-Marc Bouchard.
13:33 of 3rd period - Shot Misses the Net.
13:35 of 3rd period - Shot by Pierre-Marc Bouchard.
13:35 of 3rd period - Shot Misses the Net.
13:37 of 3rd period - Shot by David Jones.
13:37 of 3rd period - Shot Blocked by Mark Giordano.
13:41 of 3rd period - Shot by Pierre-Marc Bouchard.
13:41 of 3rd period - Shot Misses the Net.
13:45 of 3rd period - Shot by Pierre-Marc Bouchard.
13:45 of 3rd period - Shot Misses the Net.
13:47 of 3rd period - Shot by Tomas Kopecky.
13:47 of 3rd period - Stopped by Ray Emery without a rebound.
13:48 of 3rd period - Ryan Kesler wins face-off versus Andy McDonald in Jets zone.
14:06 of 3rd period - Mikael Samuelsson is hit by Nick Schultz and loses puck.
14:11 of 3rd period - Shot by Mikael Samuelsson.
14:11 of 3rd period - Stopped by Ray Emery without a rebound.
14:12 of 3rd period - Anze Kopitar wins face-off versus Tyler Ennis in Jets zone.
15:45 of 3rd period - Shot by Andy McDonald.
15:45 of 3rd period - Stopped by Tim Thomas without a rebound.
15:46 of 3rd period - Henrik Sedin wins face-off versus Tomas Kopecky in Flames zone.
16:51 of 3rd period - Blake Comeau is hit by Tomas Kopecky and loses puck.
17:26 of 3rd period - Shot by Clarke MacArthur.
17:26 of 3rd period - Goal by Clarke MacArthur - Flames : 7 - Jets : 2.
17:27 of 3rd period - Ryan Kesler wins face-off versus Martin Hanzal in neutral zone.
18:05 of 3rd period - Icing by Carlo Colaiacovo.
18:06 of 3rd period - Anze Kopitar wins face-off versus Tyler Ennis in Jets zone.
18:51 of 3rd period - Icing by Victor Hedman.
18:52 of 3rd period - Ryan Kesler wins face-off versus Erik Cole in Jets zone.
19:33 of 3rd period - Shot by Andy McDonald.
19:33 of 3rd period - Stopped by Tim Thomas without a rebound.
19:34 of 3rd period - Andy McDonald wins face-off versus Tomas Kopecky in Flames zone.
19:40 of 3rd period - Martin Erat is hit by Andrew MacDonald and loses puck.
19:52 of 3rd period - Icing by Tomas Kopecky.
19:53 of 3rd period - Martin Hanzal wins face-off versus Tomas Kopecky in Flames zone.


Output by the SimonT Hockey Simulator (STHS) for Stephane Roy -- Original Page W3C XHTML 1.0 Valid